 Dungeon Crawl Stone Soup version 0.26.1-2-gb8aa6d0cf2 (webtiles) character file.

Game seed: 2644714448197685306

30508 Elvor the Severer (level 13, -1/121 HPs)
             Began as a Deep Dwarf Fighter on Mar 18, 2021.
             Was the Champion of Makhleb.
             Slain by a minotaur
             ... wielding a +3 vampiric spear
              (5 damage)
             ... in a Gauntlet on Mar 19, 2021.
             The game lasted 02:14:47 (11329 turns).

Elvor the Severer (Deep Dwarf Fighter)             Turns: 11329, Time: 02:14:49

Health: -1/121     AC: 14    Str: 31    XL:     13   Next: 20%
Magic:  12/12      EV: 12    Int:  9    God:    Makhleb [******]
Gold:   1195       SH: 13    Dex: 18    Spells: 8/12 levels left

rFire    . . .     SeeInvis .   M - +4 war axe
rCold    . . .     Faith    .   c - +0 kite shield
rNeg     . . .     Spirit   .   y - +3 ring mail "Qyssitim" {rPois}
rPois    +         Reflect  .   (no helmet)
rElec    .         Harm     .   D - +2 cloak {Will+}
rCorr    .         Rampage  .   U - +0 pair of gloves
Will     ++...     NoTele   +   (no boots)
Stlth    +.........             (no amulet)
HPRegen  0.00/turn              T - +6 ring of dexterity
MPRegen  0.13/turn              C - +6 ring of strength

@: non-regenerating
A: damage resistance, heal wounds, sense surroundings 2, no regeneration
a: Heal Wounds, Renounce Religion, Minor Destruction, Lesser Servant of Makhleb,
Major Destruction, Greater Servant of Makhleb


You were in a Gauntlet.
You worshipped Makhleb.
Makhleb was exalted by your worship.
You visited 3 branches of the dungeon, and saw 15 of its levels.
You also visited: Ossuary and Gauntlet.

You collected 1479 gold pieces.
You spent 284 gold pieces at shops.

Inventory:

Hand Weapons
 M - a +4 war axe (weapon)
Missiles
 e - 4 boomerangs
 B - 68 poisoned darts (quivered)
 E - 10 atropa-tipped darts
 S - 9 curare-tipped darts
Armour
 c - a +0 kite shield (worn)
 y - the +3 ring mail "Qyssitim" (worn) {rPois}
   (You found it on level 13 of the Dungeon)

   It protects you from poison.
 D - a +2 cloak of willpower (worn)
 U - a +0 pair of gloves (worn)
Jewellery
 m - an uncursed ring of flight
 C - a +6 ring of strength (right hand)
 T - a +6 ring of dexterity (left hand)
Wands
 h - a wand of acid (6)
 l - a wand of enslavement (21)
 n - a wand of paralysis (13)
 t - a wand of flame (37)
 w - a wand of digging (6)
 O - a wand of polymorph (12)
 V - a wand of iceblast (10)
Scrolls
 g - 10 scrolls of remove curse
 i - 4 scrolls of immolation
 o - a scroll of magic mapping {unknown}
 p - a scroll of brand weapon
 r - 3 scrolls of summoning
 F - 3 scrolls of teleportation
 L - 4 scrolls of fog
 N - 5 scrolls of fear
 R - 2 scrolls of blinking {unknown}
 W - 3 scrolls of acquirement
 X - 2 scrolls of enchant weapon {unknown}
 Z - a scroll of torment {unknown}
Potions
 a - a potion of invisibility {unknown}
 b - 3 potions of ambrosia
 d - 5 potions of might
 f - 4 potions of brilliance
 j - 4 potions of lignification
 k - 4 potions of cancellation
 q - 7 potions of curing
 s - 9 potions of flight
 v - a potion of attraction {unknown}
 z - 3 potions of haste
 A - a potion of berserk rage {unknown}
 G - a potion of heal wounds


   Skills:
 * Level 9.2 Fighting
 + Level 16.2 Axes
 + Level 4.9 Throwing
 + Level 8.1 Armour
 + Level 3.3 Dodging
 + Level 9.7 Shields
 * Level 6.6 Invocations
 + Level 1.9 Evocations


You had 8 spell levels left.
You knew the following spells:

 Your Spells              Type           Power        Failure   Level
a - Blink                 Tloc           N/A          85%         2
b - Passwall              Tmut/Erth      0%           85%         2

Your spell library contained the following spells:

 Spells                   Type           Power        Failure   Level
 Magic Dart               Conj           0%           71%         1
 Sandblast                Erth           0%           71%         1
 Call Imp                 Summ           0%           85%         2
 Slow                     Hex            0%           85%         2
 Confusing Touch          Hex            0%           97%         3
 Conjure Flame            Conj/Fire      0%           97%         3
 Gell's Gravitas          Tloc           0%           97%         3
 Ignite Poison            Fire/Tmut/Pois 0%           97%         3
 Mephitic Cloud           Conj/Pois/Air  0%           97%         3
 Stone Arrow              Conj/Erth      0%           97%         3
 Petrify                  Tmut/Erth      0%           100%        4
 Fireball                 Conj/Fire      0%           100%        5
 Lee's Rapid Deconstruct  Erth           0%           100%        5
 Metabolic Englaciation   Hex/Ice        0%           100%        5
 Yara's Violent Unravell  Hex/Tmut       0%           100%        5
 Starburst                Conj/Fire      0%           100%        6
 Ignition                 Fire           0%           100%        8


Dungeon Overview and Level Annotations

Branches:
Dungeon (13/15)            Temple (1/1) D:5            Lair (1/6) D:10
    Orc (0/2) D:12         Vaults (0/5) D:13        Ossuary (visited)
Gauntlet (1/1)

Altars:
Ashenzari
Cheibriados
Dithmenos
Elyvilon
Fedhas
Gozag
Hepliaklqana
Kikubaaqudgha
Makhleb
Nemelex Xobeh
Okawaru
Qazlal
Ru
Sif Muna
Trog
Uskayaw
Vehumet
Wu Jian
Xom
Yredelemnul
Zin
The Shining One

Shops:
D:8 =   D:9 *   D:10 :   D:12 *

Annotations:
Gauntlet 8 transporters, 4 runed translucent doors, exclusion: orange crystal statue


Innate Abilities, Weirdness & Mutations

You are resistant to damage.
You can heal yourself by infusing magical energy.
You passively map the area around you.
You do not regenerate.


Message History

The minotaur hits you with a +3 vampiric spear!!
* * * LOW HITPOINT WARNING * * *
The minotaur draws strength from your wounds!
The minotaur gores you!
* * * LOW HITPOINT WARNING * * *
You feel much better. The minotaur closely misses you.
The minotaur gores you but does no damage.
You slash the minotaur!
The minotaur is almost dead.
The minotaur hits you with a +3 vampiric spear!
* * * LOW HITPOINT WARNING * * *
The minotaur gores you!
* * * LOW HITPOINT WARNING * * *
Your ring mail "Qyssitim" prevents you from hitting the minotaur.
The minotaur is almost dead.
The minotaur hits you with a +3 vampiric spear!!
* * * LOW HITPOINT WARNING * * *
The minotaur draws strength from your wounds!
The minotaur gores you!
You die...

##*##### ###
##.##.##.##.###
#.....###.....#
#.##.##∩##.##.#
##.##.##.##.##.##
#......#H#......#
#.##.###@#.##.###
#.##.###'#.##.###
#...............#
###.##.##.##.##.#
###.##.##.##.##.#
#.........(.....#
##.##.##.##.##.#
#.##.##.##.##.#
#.............#


You could see a minotaur.

Vanquished Creatures
  The ghost of Exe the Basher, a journeyman MiBe of Trog (D:11)
  A vault guard (D:13)
  An ice dragon (D:11)
  The ghost of tysohal the Ruffian, a novice TrWr of Dithmenos (D:8)
  A catoblepas (Gauntlet)
  A tengu warrior (D:11)
  Urug (D:12)
  An unseen horror (D:11)
  Pikel (D:7)
  2 necromancers (D:13)
  3 ugly things
  2 deep elf magi (D:12)
  A manticore (D:11)
  5 cyclopes
  A worldbinder (Gauntlet)
  A black mamba (Lair:1)
  Maggie (D:7)
  2 gargoyles
  A cane toad (Lair:1)
  An efreet (D:9)
  A yaktaur (D:13)
  A komodo dragon (Lair:1)
  A queen bee (D:11)
  2 trolls
  A queen bee (shapeshifter) (D:11)
  A tyrant leech (Gauntlet)
  Grinder (D:3)
  2 shadows (D:12)
  A vampire (D:11)
  2 wraiths
  4 wyverns
  12 yaks
  19 humans (D:13)
  A steam dragon (D:11)
  2 soldier ants
  2 swamp worms (Gauntlet)
  An acid dragon (D:12)
  4 water moccasins
  5 ice beasts
  5 sky beasts
  5 black bears
  4 phantoms
  3 boggarts (Gauntlet)
  4 eyes of draining
  3 orc warriors
  4 ogres
  7 centaurs
  3 lemures (D:7)
  12 bullfrogs
  2 big kobolds (D:8)
  2 gnoll sergeants
  2 water moccasin zombies
  A wyvern skeleton (D:12)
  8 scorpions
  14 killer bees
  2 howler monkeys
  6 wights
  An electric eel (D:11)
  3 bullfrog zombies
  4 centaur zombies
  10 orc priests
  22 orc wizards
  A quasit (D:11)
  Crazy Yiuf (D:3)
  4 iguanas
  2 bullfrog skeletons
  8 hounds
  5 jellies
  2 centaur skeletons
  Jessica (D:3)
  Natasha (thrice) (D:2)
  14 worker ants
  5 big kobold zombies (Ossuary)
  4 hound zombies
  2 hound skeletons
  2 mummies (Ossuary)
  3 worker ant zombies
  9 gnolls
  A howler monkey skeleton (D:5)
  18 adders
  6 shadow imps
  A white imp (D:5)
  3 ufetubi
  3 oozes
  4 adder zombies (Ossuary)
  2 adder skeletons
  4 worms
  2 dart slugs (D:1)
  3 leopard geckos
  71 orcs
  7 giant cockroaches
  9 goblins
  6 hobgoblins
  16 jackals
  29 kobolds
  3 quokkas
  4 bats
  6 frilled lizards
  5 gnoll zombies (Ossuary)
  5 hobgoblin zombies (Ossuary)
  2 kobold zombies (Ossuary)
  2 leopard gecko skeletons
  4 orc zombies (Ossuary)
  7 rats
508 creatures vanquished.

Vanquished Creatures (collateral kills)
  2 humans (D:13)
2 creatures vanquished.

Vanquished Creatures (others)
  5 dream sheep (D:3)
  A yak (D:13)
  An adder (D:11)
  10 fungi
  28 plants
  A withered plant (Gauntlet)
46 creatures vanquished.

Grand Total: 556 creatures vanquished

Notes
Turn   | Place    | Note
-------+----------+-------------------------------------------
     0 | D:1      | Elvor the Deep Dwarf Fighter began the quest for the Orb.
     0 | D:1      | Reached XP level 1. HP: 20/20 MP: 1/1
   145 | D:1      | Reached XP level 2. HP: 21/27 MP: 2/2
   595 | D:2      | Reached XP level 3. HP: 21/34 MP: 3/3
   880 | D:2      | Noticed Natasha
   898 | D:1      | Reached skill level 3 in Axes
   904 | D:2      | Killed Natasha
   905 | D:2      | Reached XP level 4. HP: 19/42 MP: 4/4
   914 | D:2      | Noticed Natasha
   925 | D:2      | Killed Natasha
   947 | D:2      | Noticed Natasha
   957 | D:2      | Killed Natasha
   958 | D:2      | Reached skill level 4 in Axes
   958 | D:2      | Reached XP level 5. HP: 26/49 MP: 5/5
  1332 | D:3      | Noticed Grinder
  1332 | D:3      | Paralysed by Grinder for 5 turns
  1347 | D:3      | Killed Grinder
  1348 | D:3      | Reached skill level 5 in Axes
  1348 | D:3      | Reached XP level 6. HP: 24/56 MP: 6/6
  1355 | D:3      | Found a shadowy altar of Dithmenos.
  1356 | D:3      | Found a blossoming altar of Fedhas.
  1356 | D:3      | Found a snail-covered altar of Cheibriados.
  1356 | D:3      | Found an ornate altar of the Wu Jian Council.
  1420 | D:3      | Learned a level 2 spell: Blink
  1452 | D:3      | Found a runed translucent door.
  1453 | D:3      | Noticed Crazy Yiuf
  1458 | D:3      | HP: 1/56 [Crazy Yiuf/+3 quarterstaff of chaos (7)]
  1464 | D:3      | Killed Crazy Yiuf
  1527 | D:3      | Noticed Jessica
  1529 | D:3      | Killed Jessica
  1530 | D:3      | Reached skill level 6 in Axes
  1633 | D:3      | Noticed a dream sheep
  1633 | D:3      | Noticed a dream sheep
  1633 | D:3      | Noticed a dream sheep
  1633 | D:3      | Noticed a dream sheep
  1633 | D:3      | Noticed a dream sheep
  1633 | D:3      | Found a shimmering altar of Xom.
  1635 | D:3      | Killed a dream sheep
  1636 | D:3      | Killed a dream sheep
  1638 | D:3      | Killed a dream sheep
  1638 | D:3      | Killed a dream sheep
  1638 | D:3      | Killed a dream sheep
  1785 | D:3      | Found a bloodstained altar of Trog.
  1909 | D:4      | Reached skill level 5 in Shields
  1909 | D:4      | Reached XP level 7. HP: 39/62 MP: 7/7
  1990 | D:4      | Reached skill level 1 in Dodging
  2167 | D:4      | Reached skill level 7 in Axes
  2402 | D:4      | Found an iron altar of Okawaru.
  2517 | D:4      | Reached skill level 1 in Throwing
  2738 | D:5      | Entered Level 5 of the Dungeon
  2798 | D:5      | Found a staircase to the Ecumenical Temple.
  2812 | Temple   | Entered the Ecumenical Temple
  3235 | D:5      | Reached XP level 8. HP: 34/72 MP: 7/7
  3300 | D:5      | Reached skill level 8 in Axes
  3752 | D:6      | Reached skill level 1 in Evocations
  3868 | D:6      | Found a sacrificial altar of Ru.
  3895 | D:6      | Reached skill level 9 in Axes
  4214 | D:7      | Found a sacrificial altar of Ru.
  4214 | D:7      | Found a burning altar of Makhleb.
  4222 | D:7      | Became a worshipper of Makhleb the Destroyer
  4298 | D:7      | Noticed Maggie
  4317 | D:7      | Killed Maggie
  4318 | D:7      | Gained mutation: You passively map the area around you.
                  | [Deep Dwarf growth]
  4318 | D:7      | Reached XP level 9. HP: 32/80 MP: 7/7
  4335 | D:7      | Reached skill level 10 in Axes
  4454 | D:7      | Noticed Pikel
  4477 | D:7      | Killed Pikel
  4478 | D:7      | Reached skill level 5 in Fighting
  4478 | D:7      | Reached skill level 5 in Armour
  4668 | D:7      | Reached skill level 11 in Axes
  4875 | D:8      | Reached * piety under Makhleb
  4886 | D:8      | Found a broken altar of Ashenzari.
  4887 | D:8      | Found a glowing golden altar of the Shining One.
  4961 | D:8      | Found a runed translucent door.
  4970 | D:8      | Noticed tysohal's ghost (novice TrWr)
  5196 | D:8      | Found a sand-covered staircase.
  5217 | Ossuary  | Entered an ossuary
  5301 | Ossuary  | Reached ** piety under Makhleb
  5362 | Ossuary  | Reached XP level 10. HP: 49/88 MP: 7/7
  5502 | D:8      | Reached skill level 12 in Axes
  5666 | D:8      | Found Fegues's Jewellery Emporium.
  5709 | D:8      | Found a hide-covered altar of Uskayaw.
  5954 | D:8      | Reached *** piety under Makhleb
  6248 | D:8      | Killed tysohal's ghost
  6443 | D:9      | Found Ufihuep's Assorted Antiques.
  6446 | D:9      | Bought a scroll labelled XIRUET PER for 32 gold pieces
  6446 | D:9      | Bought a scroll labelled ENUKEO IGGIA for 32 gold pieces
  6446 | D:9      | Bought a ruby potion for 28 gold pieces
  6446 | D:9      | Bought 3 scrolls labelled WUMNUE EPPICS for 96 gold pieces
  6597 | D:9      | Reached skill level 13 in Axes
  6774 | D:9      | Reached **** piety under Makhleb
  6869 | D:9      | Noticed a cyclops
  6975 | D:9      | Found a sparkling altar of Nemelex Xobeh.
  7131 | D:9      | Killed a cyclops
  7132 | D:9      | Reached XP level 11. HP: 85/97 MP: 8/8
  7159 | D:10     | Entered Level 10 of the Dungeon
  7367 | D:10     | Reached skill level 14 in Axes
  7405 | D:10     | Found Fairphij's Book Boutique.
  8017 | D:11     | Found a transporter.
  8030 | D:11     | Found a transporter.
  8041 | D:11     | Noticed Exe's ghost (journeyman MiBe)
  8099 | D:11     | Reached ***** piety under Makhleb
  8332 | D:11     | Noticed a cyan ugly thing
  8342 | D:11     | Killed a cyan ugly thing
  8381 | D:11     | Killed an unseen horror
  8382 | D:11     | Reached skill level 15 in Axes
  8517 | D:11     | Noticed a tengu warrior
  8527 | D:11     | Killed a tengu warrior
  8546 | D:11     | Noticed a brown ugly thing
  8562 | D:11     | Killed a brown ugly thing
  8629 | D:11     | Noticed an ice dragon
  8660 | D:11     | Killed an ice dragon
  8661 | D:11     | Reached XP level 12. HP: 55/109 MP: 8/8
  8858 | D:11     | Reached skill level 1 in Invocations
  8879 | D:11     | Killed Exe's ghost
  9179 | D:12     | Found Zydemayk's General Store.
  9189 | D:12     | Bought a potion of mutation for 96 gold pieces
  9242 | D:12     | Found a staircase to the Orcish Mines.
  9364 | D:12     | Noticed Urug
  9380 | D:12     | Killed Urug
  9955 | D:13     | Reached skill level 16 in Axes
 10351 | D:13     | Reached skill level 5 in Invocations
 10365 | D:13     | Got an encrusted ring mail
 10376 | D:13     | Identified the +3 ring mail "Qyssitim" {rPois} (You found
                  | it on level 13 of the Dungeon)
 10408 | D:13     | Learned a level 2 spell: Passwall
 10442 | D:13     | Found a gate to the Vaults.
 10442 | D:13     | Noticed a vault guard
 10456 | D:13     | Killed a vault guard
 10468 | D:13     | Reached XP level 13. HP: 120/120 MP: 13/13
 10698 | D:10     | Found a staircase to the Lair.
 10705 | Lair:1   | Entered Level 1 of the Lair of Beasts
 10781 | Lair:1   | Identified 3 scrolls of acquirement
 10926 | Lair:1   | Reached ****** piety under Makhleb
 10938 | Lair:1   | Found a gate leading to a gauntlet.
 10976 | Gauntlet | Entered a Gauntlet
 10976 | Gauntlet | Found a transporter.
 10976 | Gauntlet | Found a transporter.
 10980 | Gauntlet | Found a runed translucent door.
 10982 | Gauntlet | Found a transporter.
 10984 | Gauntlet | Found a runed translucent door.
 10985 | Gauntlet | Found a transporter.
 10988 | Gauntlet | Found a transporter.
 11018 | Gauntlet | Found a transporter.
 11019 | Gauntlet | Found a transporter.
 11021 | Gauntlet | Found a transporter.
 11021 | Gauntlet | Found a transporter.
 11026 | Gauntlet | Found a runed translucent door.
 11031 | Gauntlet | Found a runed translucent door.
 11033 | Gauntlet | Found a transporter.
 11049 | Gauntlet | Found a transporter.
 11059 | Gauntlet | Found a transporter.
 11073 | Gauntlet | Found a transporter.
 11093 | Gauntlet | Found a transporter.
 11094 | Gauntlet | Found a runed translucent door.
 11300 | Gauntlet | Noticed a minotaur
 11329 | Gauntlet | HP: 4/121 [minotaur/+3 vampiric spear (22)]
 11329 | Gauntlet | Slain by a minotaur

Illustrated notes

Levels and vault maps discovered:
D:1:      erik_arrival_cave_to_civilisation [erik_arrival_cave_to_hall],
          layout_rooms, hangedman_decor_points, kennysheep_minor_cross
D:2:      layout_loops_ring, uniq_natasha
D:3:      layout_basic, chequers_temple_overflow_statue_of_worship,
          kb_xom_exploding_sheep, nicolae_overflow_hidden_temple, minivault_14,
          small_statue_intersection, uniq_jessica, uniq_crazy_yiuf_cottage,
          uniq_grinder
D:4:      layout_gridville, lemuel_crystal_altar
D:5:      layout_loops_cross, minmay_temple_entry_stoned_glass
D:6:      layout_rooms, grunt_ministairs_6, nrook_uturn,
          nicolae_ru_path_of_blood
D:7:      layout_layer_cave, gammafunk_temple_overflow_statue, uniq_pikel,
          uniq_maggie
D:8:      kennysheep_kobold_camp, layout_basic, general_overflow_altar,
          grunt_temple_overflow_open, ebering_ghost_reflecting_pool,
          serial_shops, nicolae_shop_window_shopping, enter_ossuary_1
D:9:      wad_arrow_thing, layout_irregular_city, lemuel_crystal_altar,
          serial_shops, kennysheep_mini_moat
D:10:     layout_long_grid, grunt_lair_entry_orc_guard_hut, serial_shops, shop
D:11:     minmay_the_grid_3x3 [minmay_the_grid_minigrid_small,
          minmay_the_grid_minigrid_small_alt, minmay_the_grid_dragon_b,
          minmay_the_grid_minigrid_large, minmay_the_grid_tree,
          minmay_the_grid_tiny_cups, minmay_the_grid_outer_circle,
          minmay_the_grid_spin_star, minmay_the_grid_prize_inner_circle],
          layout_grid_maze, gammafunk_ghost_hive, serial_bayou_ford_a
D:12:     layout_irregular_city, orc_0_dummy, serial_shops, shop,
          minmay_hedge_maze, serial_park_tiny_pond, billiards_dpeg, uniq_urug
D:13:     layout_small_grid, grunt_vaults_entry_tiered
Temple:   nicolae_temple_figure_zero
Lair:1:   layout_roguey, gauntlet_entry_generic, grunt_megastairs_2
Gauntlet: gammafunk_gauntlet_mixed_choke_point
          [minmay_gauntlet_arena_77_p_blocks, minmay_gauntlet_arena_77_path,
          minmay_gauntlet_arena_77_shame_cube, gammafunk_gauntlet_arena_grid,
          minmay_gauntlet_arena_77_two_paths, minmay_gauntlet_arena_77_box,
          minmay_gauntlet_arena_77_cramped, gauntlet_exit_green]

Skill      XL: |  1  2  3  4  5  6  7  8  9 10 11 12 13 |
---------------+----------------------------------------+-----
Fighting       | 3 4 5 6 7 8 9 |  9.2
Shields        | 4 5 6 7 8 9 |  9.7
Axes           | 3 4 5 6 7 9 11 13 15 16 | 16.2
Armour         | 4 5 6 7 8 |  8.1
Dodging        | 1 2 3 |  3.3
Throwing       | 1 2 3 4 |  4.9
Evocations     | 1 |  1.9
Invocations    | 5 6 |  6.6

Action                   |  1- 3 |  4- 6 |  7- 9 | 10-12 | 13-15 || total
-------------------------+-------+-------+-------+-------+-------++-------
Melee: War axe           |   142 |   122 |   542 |   792 |   106 ||  1704
Throw: Boomerang         |     2 |     6 |    30 |    45 |       ||    83
       Dart              |       |     2 |    26 |    70 |       ||    98
Invok: Lesser Servant of |       |       |       |     4 |       ||     4
       Minor Destruction |       |       |       |     1 |       ||     1
 Abil: Heal Wounds       |       |     5 |     9 |     3 |     1 ||    18
Evoke: Wand              |       |     7 |     9 |     2 |     1 ||    19
  Use: Scroll            |       |       |    11 |    11 |     2 ||    24
       Potion            |       |       |       |     3 |     1 ||     4
 Stab: Distracted        |       |       |       |     1 |       ||     1
Armor: Scale mail        |    18 |       |       |       |       ||    18
       Chain mail        |    59 |    50 |   163 |       |       ||   272
       Plate armour      |       |       |   113 |   230 |       ||   343
       Ring mail         |       |       |       |    23 |    22 ||    45
Dodge: Dodged            |    35 |    22 |   104 |   166 |    27 ||   354
Block: Kite shield       |    72 |    61 |   278 |   424 |    54 ||   889
